 Dungeon Crawl Stone Soup version 0.30-a0-748-ge6a52f7cba (webtiles) character file.

Game seed: 8799977668882167220

4484 cheesebisquit the Arsonist (level 10, -5/135 HPs)
             Began as a Hill Orc Fire Elementalist on Feb 8, 2023.
             Was an Initiate of Vehumet.
             Slain by a skeletal warrior
             ... wielding a +1 morningstar of protection
              (23 damage)
             ... on level 6 of the Dungeon.
             The game lasted 00:42:18 (10826 turns).

cheesebisquit the Arsonist (HOFE)                  Turns: 10826, Time: 00:42:19

Health: -5/135     AC: 25    Str: 12    XL:     10   Next: 38%
Magic:  18/18      EV:  2    Int: 19    God:    Vehumet [......]
Gold:   334        SH:  0    Dex: 11    Spells: 13/20 levels left

rFire   + . .      SeeInvis .    (no weapon)
rCold   . . .      Faith    .    c - +2 buckler
rNeg    + . .      Spirit   .    (body armour currently unavailable)
rPois   +          Reflect  .    (helmet currently unavailable)
rElec   .          Harm     .    (cloak currently unavailable)
rCorr   .          Rampage  .    (gloves currently unavailable)
Will    .....      Clarity  +    (boots currently unavailable)
Stlth   +          NoTele   +    l - amulet of regeneration
HPRegen 1.22/turn                v - ring of positive energy
MPRegen 0.16/turn                H - ring of protection from fire

@: confused, tree-form, ambrosia-drunk, hasted, very quick
A: stationary, stasis, torment immunity, boosted hp, (claws 1), (fangs 1),
clarity
a: Renounce Religion


You were on level 6 of the Dungeon.
You worshipped Vehumet.
Vehumet was noncommittal.
You were a tree.
You visited 2 branches of the dungeon, and saw 8 of its levels.
You also visited: Sewer.

You collected 473 gold pieces.
You spent 139 gold pieces at shops.

Inventory:

Hand Weapons
 g - the +8 rapier of the Present {holy, Str+3}
   (You took it off a hobgoblin on level 4 of the Dungeon)

   Str:       It affects your strength (+3).
 u - the +0 flail of Midwinter {flame, rPois}
   (You found it in a sewer)

   rPois:     It protects you from poison.
 x - the +4 hammer "Hetuaman" {holy, rN+ Dex+2}
   (You found it on level 4 of the Dungeon)

   Dex:       It affects your dexterity (+2).
   rN:        It protects you from negative energy.
 E - a +4 quarterstaff of chaos
Missiles
 k - 10 poisoned darts
 y - a throwing net
Armour
 a - a +0 robe (melded)
 c - a +2 buckler (worn)
 i - a +0 pair of boots (melded)
 t - a +1 helmet (melded)
 B - a +0 pair of gloves (melded)
 F - a +1 cloak of stealth (melded)
Jewellery
 l - an amulet of regeneration (around neck)
 o - an amulet of faith
 v - a ring of positive energy (left branch)
 H - a ring of protection from fire (right branch)
Wands
 p - a wand of roots (3)
 A - a wand of paralysis (5)
 D - a wand of flame (12)
Scrolls
 e - a scroll of silence
 h - 3 scrolls of vulnerability {unknown}
 q - a scroll of immolation {unknown}
 s - 2 scrolls of fear {unknown}
 z - a scroll of fog {unknown}
 C - a scroll of brand weapon {unknown}
 G - a scroll of amnesia {unknown}
Potions
 j - a potion of flight


   Skills:
 + Level 8.8 Fighting
 - Level 0.2 Staves
 - Level 1.5 Dodging
 - Level 1.5 Stealth
 + Level 4.7 Shields
 + Level 5.8 Spellcasting
 + Level 5.9 Conjurations
 + Level 8.8 Fire Magic
 - Level 0.3 Evocations


You had 13 spell levels left.
You knew the following spells:

 Your Spells              Type           Power      Damage    Failure   Level
a - Scorch                Fire           78%        2d9       1%          2
b - Flame Wave            Conj/Fire      33%        2d10      7%          4
z - Foxfire               Conj/Fire      100%       2x1d9     1%          1

Your spell library contained the following spells:

 Spells                   Type           Power      Damage    Failure   Level
 Inner Flame              Hex/Fire       22%        N/A       7%          3
 Ignite Poison            Fire/Tmut/Pois 16%        N/A       13%         3
 Kindle Blastsparks       Fire/Tloc/Air  32%        2d12      13%         3
 Animate Dead             Necr           5%         N/A       82%         4
 Freezing Cloud           Conj/Ice/Air   6%         6-21      87%         5
 Haunt                    Necr/Summ      2%         N/A       100%        7
 Infestation              Necr           2%         N/A       100%        8


Dungeon Overview and Level Annotations

Branches:
Dungeon (7/15)             Temple (1/1) D:7           Sewer (visited)

Altars:
Ashenzari
Cheibriados
Dithmenos
Elyvilon
Fedhas
Hepliaklqana
Kikubaaqudgha
Makhleb
Nemelex Xobeh
Okawaru
Sif Muna
Trog
Uskayaw
Vehumet
Wu Jian
Yredelemnul
Beogh

Shops:
D:5 *

Annotations:
D:4 2 transporters, purpskrrrp's ghost, novice TrTm
D:6 3 runed translucent doors, hikkokomori's ghost, novice DsGl


Innate Abilities, Weirdness & Mutations

You are a tree.
Your roots penetrate the ground, keeping you stationary.
You cannot be teleported.
You are immune to unholy pain and torment.
Your maximum health is greatly increased.
Your equipment is partially melded.
((You have sharp fingernails.))
((You have very sharp teeth.))
You possess an exceptional clarity of mind.


Message History

The skeletal warrior hits you with a +1 morningstar of protection! x2
You hit the skeletal warrior but do no damage.
The skeletal warrior is lightly damaged.
The skeletal warrior barely misses you.
You hit the skeletal warrior but do no damage.
The skeletal warrior is lightly damaged.
You block the skeletal warrior's attack.
You hit the skeletal warrior but do no damage.
The skeletal warrior is lightly damaged.
The skeletal warrior hits you with a +1 morningstar of protection.
* * * LOW HITPOINT WARNING * * *
You feel better.
The skeletal warrior hits you with a +1 morningstar of protection!!
* * * LOW HITPOINT WARNING * * *
You feel better.
The skeletal warrior hits you with a +1 morningstar of protection.
* * * LOW HITPOINT WARNING * * *
You feel better.
The skeletal warrior completely misses you.
It was a potion of mutation.
You feel extremely strange.
Your teeth lengthen and sharpen.
Your fingernails lengthen.
Your thoughts seem clearer.
You block the skeletal warrior's attack.
It was a potion of haste.
You feel yourself speed up.
The skeletal warrior hits you with a +1 morningstar of protection!
* * * LOW HITPOINT WARNING * * *
It was a potion of ambrosia.
You are confused.
You feel invigorated.
You cannot move. (Use ctrl+direction or * direction to attack while stationary and confused.)
You swing at nothing.
The skeletal warrior hits you with a +1 morningstar of protection!
* * * LOW HITPOINT WARNING * * *
You hit the skeletal warrior but do no damage.
The skeletal warrior is lightly damaged.
The skeletal warrior hits you with a +1 morningstar of protection!
* * * LOW HITPOINT WARNING * * *
You attack the rock wall.
The skeletal warrior hits you with a +1 morningstar of protection!!
You die...

####.###.######.# #..>.#
#.....##.# #.##.###.###.##.#
#.##.....# #.##.#########
#.####.### #.##.........# #.#
##..# #.##########.## #.#
#...####.#.....(......
#.###...†.z....########.##
#........♣...### #.#
######..###### #.#
#############..####### #.##
...............#.....# ###.##
##############.#.###.# #.....
#...........#.# ###.....
#.#####.#.....#####....... ####
#.##......................
.).#####.##<##.##...######.#.##..


You could see a skeletal warrior.

Vanquished Creatures
  Pikel (D:5)
  2 wyverns (D:7)
  A shadow (D:7)
  Menkaure (D:5)
  A vampire mosquito (D:7)
  2 water moccasins
  An orc warrior (D:7)
  5 ice beasts
  2 black bears
  A centaur (D:7)
  5 scorpions
  4 bullfrogs
  2 gnoll sergeants (D:5)
  4 necrophages
  4 wights (D:7)
  A killer bee (D:7)
  4 howler monkeys
  3 orc priests (D:5)
  7 hounds
  Crazy Yiuf (D:4)
  2 jellies
  4 iguanas
  Natasha (D:4)
  4 orc wizards
  Ijyb (D:5)
  14 gnolls
  10 adders
  2 shadow imps (D:7)
  A white imp (D:7)
  4 ufetubi
  3 worms
  3 dart slugs
  9 orcs
  11 ball pythons
  6 endoplasms
  A giant cockroach (D:3)
  8 goblins
  8 hobgoblins
  8 jackals
  4 kobolds
  7 quokkas
  3 bats (D:3)
  4 frilled lizards
  9 rats
179 creatures vanquished.

Vanquished Creatures (others)
  290 foxfires
  4 plants
294 creatures vanquished.

Grand Total: 473 creatures vanquished

Notes
Turn   | Place    | Note
-------+----------+-------------------------------------------
     0 | D:1      | cheesebisquit the Hill Orc Fire Elementalist began the
                  | quest for the Orb.
     0 | D:1      | Reached XP level 1. HP: 14/14 MP: 3/3
   319 | D:1      | Reached skill level 1 in Fighting
   319 | D:1      | Reached XP level 2. HP: 23/23 MP: 1/4
  1196 | D:1      | Reached XP level 3. HP: 28/28 MP: 4/6
  1407 | D:2      | Learned a level 2 spell: Scorch
  2688 | D:3      | Reached XP level 4. HP: 36/36 MP: 4/7
  3117 | D:3      | Found a glowing drain.
  3125 | Sewer    | Entered a sewer
  3314 | Sewer    | Noticed a water moccasin
  3323 | Sewer    | Killed a water moccasin
  3324 | Sewer    | Reached XP level 5. HP: 32/45 MP: 1/9
  3402 | Sewer    | Identified the +0 flail of Midwinter {flame, rPois}
  3660 | D:3      | Reached XP level 6. HP: 50/52 MP: 6/10
  4180 | D:4      | Reached skill level 5 in Fire Magic
  4390 | D:4      | Noticed a black bear
  4395 | D:4      | Killed a black bear
  4396 | D:4      | Reached XP level 7. HP: 51/60 MP: 4/12
  4478 | D:4      | Noticed Natasha
  4832 | D:4      | Identified the +8 rapier of the Present {holy, Str+3}
  4863 | D:4      | Reached skill level 5 in Fighting
  4963 | D:4      | Found a roughly hewn altar of Beogh.
  5365 | D:4      | Noticed purpskrrrp's ghost (novice TrTm)
  5366 | D:4      | Found a transporter.
  5401 | D:4      | Found a transporter.
  5456 | D:4      | Identified the +4 hammer "Hetuaman" {holy, rN+ Dex+2}
  5460 | D:4      | Found a runed translucent door.
  5461 | D:4      | Noticed Crazy Yiuf
  5659 | D:4      | You fall into a shaft and drop 2 floors!
  5888 | D:6      | Reached XP level 8. HP: 26/70 MP: 4/14
  5991 | D:6      | Found a runed translucent gate.
  5991 | D:6      | Found a runed translucent gate.
  5992 | D:6      | Found a runed translucent gate.
  6279 | D:6      | Noticed hikkokomori's ghost (novice DsGl)
  6279 | D:6      | Noticed a spectral unseen horror
  6741 | D:5      | Entered Level 5 of the Dungeon
  6952 | D:5      | Found a shadowy altar of Dithmenos.
  7077 | D:5      | Noticed Ijyb
  7077 | D:5      | Paralysed by Ijyb for 3 turns
  7084 | D:5      | Killed Ijyb
  7140 | D:5      | Found Fejamn's Assorted Antiques.
  7159 | D:5      | Bought a pair of gloves for 139 gold pieces
  7385 | D:4      | Killed Natasha
  7583 | D:4      | Killed Crazy Yiuf
  7991 | D:5      | Found a bloodstained altar of Trog.
  8005 | D:5      | Learned a level 4 spell: Flame Wave
  8039 | D:5      | Reached XP level 9. HP: 59/78 MP: 6/16
  8172 | D:5      | Reached skill level 1 in Shields
  8502 | D:5      | Noticed Menkaure
  8508 | D:5      | Killed Menkaure
  8562 | D:5      | Noticed Pikel
  8580 | D:5      | Killed Pikel
  8581 | D:5      | Reached skill level 5 in Spellcasting
  9100 | D:5      | Reached skill level 5 in Conjurations
  9653 | D:7      | Reached XP level 10. HP: 61/88 MP: 8/18
 10205 | D:7      | Found a staircase to the Ecumenical Temple.
 10230 | Temple   | Entered the Ecumenical Temple
 10310 | Temple   | Became a worshipper of Vehumet
 10407 | D:7      | Noticed a skeletal warrior
 10578 | D:7      | Noticed a skeletal warrior
 10821 | D:6      | Gained mutation: You have very sharp teeth. [potion of
                  | mutation]
 10821 | D:6      | Gained mutation: You have sharp fingernails. [potion of
                  | mutation]
 10821 | D:6      | Gained mutation: You possess an exceptional clarity of
                  | mind. [potion of mutation]
 10826 | D:6      | Slain by a skeletal warrior

Illustrated notes

Levels and vault maps discovered:
D:1:      dpeg_arrival_rooms_b, layout_basic, minivault_24, nicolae_hexahallways
D:2:      layout_loops_corners
D:3:      layout_loops_ring, cheibrodos_sewer_entry_bend, grunt_ministairs_15,
          minmay_shallow_snake_nest
D:4:      layout_loops_corners, gammafunk_ghost_stat_death,
          kennysheep_orc_chapel, uniq_crazy_yiuf_cottage, uniq_natasha
D:5:      minmay_chambers_of_threes, layout_loops_ring,
          mainiacjoe_overflow_six_doors_small,
          grunt_dithmenos_smoke_and_mirrors, serial_shops,
          nicolae_stop_n_shop_2, uniq_ijyb, uniq_menkaure, uniq_pikel
D:6:      layout_loops_ring, gammafunk_ghost_necromancy,
          kennysheep_generic_room_16
D:7:      minmay_the_grid_triangle_9x9_rhombus_thin
          [minmay_the_grid_triangle_9x9_skeleton,
          minmay_the_grid_triangle_9x9_prize_insulated,
          minmay_the_grid_triangle_9x9_impossible_snake,
          minmay_the_grid_triangle_9x9_shrine], layout_basic, temple_pool_b,
          serial_bayou_pond_b, minmay_circle_x
Temple:   zaba_magenta_temple

Skill      XL: |  1  2  3  4  5  6  7  8  9 10 |
---------------+-------------------------------+-----
Fighting       | 1 2 3 4 5 6 8 |  8.8
Spellcasting   | 2 3 4 5 |  5.8
Fire Magic     | 4 5 6 7 8 |  8.8
Conjurations   | 2 3 5 |  5.9
Shields        | 3 4 |  4.7
Staves         | |  0.2
Dodging        | |  1.5
Stealth        | |  1.5
Evocations     | |  0.3

Action                     |  1- 3 |  4- 6 |  7- 9 | 10-12 || total
---------------------------+-------+-------+-------+-------++-------
  Melee: Dagger            |    13 |       |       |       ||    13
         Club              |     6 |    35 |       |       ||    41
         Flail             |       |     6 |    49 |    10 ||    65
         Quarterstaff      |       |       |     1 |       ||     1
         Unarmed           |       |       |       |    17 ||    17
   Cast: Foxfire           |    33 |    20 |    87 |    32 ||   172
         Scorch            |    18 |    39 |   121 |    33 ||   211
    Use: Potion            |     1 |     2 |       |    10 ||    13
         Scroll            |       |       |    11 |     3 ||    14
 Armour: Robe              |     4 |    28 |    54 |    12 ||    98
         Skin              |       |       |       |    15 ||    15
  Dodge: Dodged            |    13 |    76 |   123 |    24 ||   236
  Block: Buckler           |       |       |    30 |    24 ||    54

Table legend: (Time is in decaauts)
 A = Elapsed time spent in this place.
 B = Non-inter-level travel time spent in this place.
 C = Inter-level travel time spent in this place.
 D = Time resting spent in this place.
 E = Time spent auto-exploring this place.
 F = Levels seen in this place.
 G = Mean time per level.
                   A        B        C        D        E       F      G
               +--------+--------+--------+--------+--------+-----+--------+
         Total |  10882 |  10516 |    366 |    799 |   8140 |   9 | 1209.1 |
       Dungeon |  10457 |  10109 |    348 |    704 |   7908 |   7 | 1493.9 |
        Temple |     93 |     75 |     18 |      0 |     69 |   1 |   93.0 |
         Sewer |    331 |    331 |      0 |     95 |    162 |   1 |  331.0 |
               +--------+--------+--------+--------+--------+-----+--------+

Top non-repeatable levels by time:
     D:5: 1996 daAuts
     D:4: 1855 daAuts
     D:3: 1500 daAuts
     D:6: 1460 daAuts
     D:1: 1402 daAuts
     D:7: 1151 daAuts
     D:2: 1090 daAuts
   Sewer: 331 daAuts
  Temple: 93 daAuts
